 Dungeon Crawl Stone Soup version 0.27.1 (webtiles) character file.

Game seed: 5220343809146211099

93 H0rd4k the Caller (level 4, -5/30 HPs)
             Began as a Barachi Summoner on Aug 30, 2021.
             Slain by a wyvern (19 damage)
             ... on level 4 of the Dungeon.
             The game lasted 00:04:10 (1800 turns).

H0rd4k the Caller (Barachi Summoner)                Turns: 1800, Time: 00:04:10

Health: -5/30      AC:  2    Str:  9    XL:     4   Next: 62%
Magic:  1/9        EV: 12    Int: 17    God:
Gold:   83         SH:  0    Dex: 12    Spells: 6/10 levels left

rFire    . . .     SeeInvis .   d - +1 dagger (protect)
rCold    + . .     Faith    .   (no shield)
rNeg     . . .     Spirit   .   g - +0 robe {rC+}
rPois    .         Reflect  .   (no helmet)
rElec    .         Harm     .   (no cloak)
rCorr    .         Rampage  .   (no gloves)
Will     .....                  (no boots)
Stlth    ++........             (no amulet)
HPRegen  0.10/turn              (no ring)
MPRegen  0.11/turn              (no ring)

@: unable to hop, slow
A: amphibious, slowness 1, strong legs 1, +LOS
a: Hop


You were on level 4 of the Dungeon.
You visited 1 branch of the dungeon, and saw 3 of its levels.

You collected 83 gold pieces.

Inventory:

Hand Weapons
 d - a +1 dagger of protection (weapon)
Armour
 a - a +0 robe
 g - a +0 robe of cold resistance (worn)
Wands
 k - a wand of polymorph (12)
Scrolls
 b - 2 scrolls of enchant weapon {unknown}
 c - 2 scrolls of identify {unknown}
 e - a scroll of amnesia {unknown}
 f - a scroll of fog {unknown}
 i - a scroll of enchant armour {unknown}
 j - a scroll of fear {unknown}
Potions
 h - a potion of heal wounds {unknown}


   Skills:
 + Level 0.1 Fighting
 + Level 0.1 Short Blades
 + Level 2.2 Dodging
 - Level 1.7 Stealth
 * Level 3.8 Spellcasting
 * Level 5.9 Summonings


You had 6 spell levels left.
You knew the following spells:

 Your Spells              Type           Power      Damage    Failure   Level
a - Summon Small Mammal   Summ           92%        N/A       1%          1
b - Call Canine Familiar  Summ           23%        N/A       4%          3

Your spell library contained the following spells:

 Spells                   Type           Power      Damage    Failure   Level
 Call Imp                 Summ           23%        N/A       2%          2
 Summon Guardian Golem    Hex/Summ       13%        N/A       14%         3
 Corona                   Hex            3%         N/A       16%         1
 Ensorcelled Hibernation  Hex/Ice        6%         N/A       24%         2
 Sublimation of Blood     Necr           1%         N/A       24%         2
 Tukima's Dance           Hex            3%         N/A       43%         3
 Summon Lightning Spire   Summ/Air       13%        N/A       43%         4
 Petrify                  Tmut/Erth      3%         N/A       85%         4
 Irradiate                Conj/Tmut      1%         3d13      99%         5


Dungeon Overview and Level Annotations

Branches:
Dungeon (2/15)             Temple (0/1) D:4

Altars:


Innate Abilities, Weirdness & Mutations

You are amphibious.
You cover ground slowly.
You can hop short distances.
You have an extended range of vision and can be seen from far away.


Message History

The sky beast barely misses your hound.
Unknown command.
Your hound bites the sky beast.
The sky beast closely misses your hound.
Your hound bites the sky beast but does no damage.
Your hound bites the sky beast.
The sky beast closely misses your hound.
Your hound bites the sky beast.
The sky beast hits your hound. The sky beast shocks your hound.
Your hound dies!
Your hound's corpse disappears in a puff of smoke!
You see here 8 stones.
Aiming: Polymorph
Press: ? - help, Shift-Dir - straight line, f - sky beast
Aim: a sky beast (severely wounded, will become a tengu, a steam dragon, or a wyvern, chance to affect: 46%)
The sky beast evaporates and reforms as a wyvern!
Casting: Call Canine Familiar (dangerous; 4% risk of failure)
Confirm with . or Enter, or press ? or * to list all spells.
The wyvern bites your hound!!
Your hound dies!
Your hound's corpse disappears in a puff of smoke!
Casting: Call Canine Familiar (dangerous; 4% risk of failure)
Confirm with . or Enter, or press ? or * to list all spells.
The wyvern barely misses your hound. The wyvern bites your hound!!
Your hound dies!
Your hound's corpse disappears in a puff of smoke!
You see here a hound corpse.
Your legs are too worn out to hop.
Unknown command.
You hit the wyvern but do no damage.
Your weapon exudes an aura of protection.
The wyvern barely misses you. The wyvern closely misses you.
Unknown command.
You closely miss the wyvern. The wyvern misses you.
Unknown command.
You are too injured to fight recklessly!
The wyvern bites you!!
Ouch! That really hurt!
You die...

### ##.## ##...##
######.....######
..............).....########
...............####.........
...(..###>....#####.########
.............†l§.#..#
.....###.....@##(#.##
≈≈≈≈≈≈≈#.....###§#.#
.....#≈#.≈#### #.#.#
......≈...# #.#.#
......≈...# #.#.#
..>...≈..## #.#.# #.#
......≈..# # #.#.# #>#
...!..≈... ...##.#.## #.#
.....#≈#=...........## #.#


You could see a wyvern.

Vanquished Creatures
  A hound (D:4)
  2 giant cockroaches (D:1)
  A goblin (D:1)
  2 jackals (D:1)
  A ball python (D:1)
  A bat (D:1)
  A rat (D:2)
9 creatures vanquished.

Vanquished Creatures (collateral kills)
  A hound (D:4)
  A centaur skeleton (D:4)
  2 adders
  4 ball pythons
  A bat (D:1)
  6 endoplasms
  3 goblins (D:1)
  3 hobgoblins
  2 jackals (D:1)
  A quokka (D:1)
  2 kobolds
  4 rats (D:1)
30 creatures vanquished.

Grand Total: 39 creatures vanquished

Notes
Turn   | Place    | Note
-------+----------+-------------------------------------------
     0 | D:1      | H0rd4k the Barachi Summoner began the quest for the Orb.
     0 | D:1      | Reached XP level 1. HP: 13/13 MP: 3/3
   139 | D:1      | Reached skill level 5 in Summonings
   174 | D:1      | Found a faded altar of an unknown god.
   373 | D:1      | Reached XP level 2. HP: 19/19 MP: 1/5
  1246 | D:2      | Reached XP level 3. HP: 24/24 MP: 1/7
  1452 | D:2      | You fall into a shaft and drop 2 floors!
  1457 | D:4      | Learned a level 3 spell: Call Canine Familiar
  1683 | D:4      | Reached XP level 4. HP: 28/30 MP: 2/9
  1755 | D:4      | Found a staircase to the Ecumenical Temple.
  1757 | D:4      | Noticed a sky beast
  1792 | D:4      | Noticed a wyvern
  1792 | D:4      | a sky beast changed into a wyvern
  1800 | D:4      | Slain by a wyvern

Illustrated notes

Levels and vault maps discovered:
D:1:      heliophobic_arrival_glass_houses, layout_rooms,
          hellmonk_ecumenical_altar_zigzags, dk_noncrumbling_2,
          minmay_tetromino_i2
D:2:      layout_basic, minmay_snake_closets
D:4:      layout_loops_ring, minmay_temple_entry_water_ring

Skill      XL: |  1  2 |
---------------+-------+-----
Summonings     | 5 |  5.9
Spellcasting   | 3 |  3.8
Fighting       | |  0.1
Short Blades   | |  0.1
Dodging        | |  2.2
Stealth        | |  1.7

Action                   |  1- 3 |  4- 6 || total
-------------------------+-------+-------++-------
Melee: Unarmed           |     3 |       ||     3
       Dagger            |    31 |    13 ||    44
 Cast: Summon Small Mamm |    68 |       ||    68
       Call Canine Famil |     1 |     4 ||     5
 Abil: Hop               |       |     1 ||     1
Evoke: Wand              |       |     1 ||     1
 Stab: Distracted        |     2 |       ||     2
Armor: Robe              |    26 |     9 ||    35
Dodge: Dodged            |    55 |    15 ||    70
